 Dungeon Crawl Stone Soup version 0.16-a0-326-g6f2d4d4 (webtiles) character file.

66 PolkaDot the Caller (level 3, -8/36 HPs)
             Began as a Vampire Summoner on Sept 4, 2014.
             Killed by divine providence
             ... invoked by an orc priest
              (11 damage)
             ... on Level 3 of the Dungeon.
             The game lasted 00:07:14 (2815 turns).

PolkaDot the Caller (Vampire Summoner)              Turns: 2815, Time: 00:07:15

HP  -8/36        AC 21     Str  7      XL: 3   Next: 96%
MP   0/6         EV  2     Int 18      God:
Gold 71          SH  0     Dex 14      Spells:  3 memorised,  0 levels left

rFire  . . .     SeeInvis +     m - +4 quarterstaff (chaos)
rCold  . . .     Clarity  .     a - melded +0 robe
rNeg   + + +     rCorr    .     (no shield)
rPois  +         rRot     .     (no helmet)
rElec  .         Spirit   .     n - melded +0 cloak
SustAb .         Warding  .     (gloves currently unavailable)
rMut   .         NoTele   +     (boots currently unavailable)
Gourm  .                        (no amulet)
MR     .....                    (no ring)
                                (no ring)

@: tree-form, regenerating quickly, not resistant to hostile enchantments,
fairly stealthy
A: (fangs 0), see invisible, (unbreathing)
a: no special abilities


You were on level 3 of the Dungeon.
You were very full.
You were an animated tree.
You visited 1 branch of the dungeon, and saw 3 of its levels.

You collected 71 gold pieces.

Inventory:

Hand weapons
 m - a +4 quarterstaff of chaos (weapon)
Armour
 a - a +0 robe (melded)
 n - a +0 cloak (melded)
Scrolls
 e - 3 scrolls of identify {unknown}
 f - a scroll of blinking {unknown}
 g - 2 scrolls of amnesia {unknown}
 j - a scroll of recharging {unknown}
 o - a scroll of remove curse {unknown}
Potions
 i - a potion of cancellation {unknown}
 l - a potion of agility {unknown}
Books
 b - a book of Callings

   Spells                             Type                      Level
   *Summon Small Mammal               Summoning                    1
   *Call Imp                          Summoning                    2
   *Call Canine Familiar              Summoning                    3
   Summon Guardian Golem              Hexes/Summoning              4
   Summon Lightning Spire             Summoning/Air                4
   Summon Ice Beast                   Ice/Summoning                4
 c - Sif Muna's Incunabulum of Snow
   (You found it on level 2 of the Dungeon)

   Spells                             Type                      Level
   Freeze                             Ice                          1
 d - Vehumet's Almanac of Confrontation
   (You found it on level 2 of the Dungeon)

   Spells                             Type                      Level
   Magic Dart                         Conjuration                  1
 k - Kikubaaqudgha's Reference Book on Sinister Rituals
   (You found it on level 2 of the Dungeon)

   Spells                             Type                      Level
   Pain                               Necromancy                   1


   Skills:
 + Level 0.4 Staves
 - Level 2.1 Dodging
 - Level 3.0 Stealth
 - Level 2.0 Spellcasting
 * Level 5.5 Summonings


You couldn't memorise any spells.
You knew the following spells:

 Your Spells              Type           Power        Failure   Level  Hunger
a - Summon Small Mammal   Summ           ###.         1%          1    #......
d - Call Canine Familiar  Summ           ###.....     6%          3    ####...
s - Call Imp              Summ           ###.....     2%          2    ##.....


Dungeon Overview and Level Annotations

Branches:
Dungeon (3/15)

Altars:
Kikubaaqudgha
Sif Muna
Trog
Vehumet


Innate Abilities, Weirdness & Mutations

Your natural rate of healing is unusually fast.
((You have razor-sharp teeth.))
You have supernaturally acute eyesight.
((You can survive without breathing.))


Message History

Orders for allies: a - Attack new target. r - Retreat! s - Stop attacking. w - Wait here. f - Follow me.
Anything else - Stay silent.
Gang up on whom?
Press: ? - help, Dir - move target cursor, f - orc priest
Aim: an orc priest Attack!
The orc wizard casts a spell at you. The puff of flame hits you!
The orc closely misses your white imp. The orc hits you but does no damage.
The orc wizard gestures wildly while chanting.
You feel a wave of unholy energy pass over you.
Casting: Call Imp
Confirm with . or Enter, or press ? or * to list all spells.
A beastly little devil appears in a puff of flame.
* * * LOW MAGIC WARNING * * *
The orc priest mumbles some strange prayers to Beogh against you.
Something smites you!
You die...

#.####### #. ......
#. ..... ######.
...#####. .......
.........
o.o.....#+#........
#o5..........
#.o.<........
#oo♣.........
.....o.5..........
....###.####.#.##
... #.. .# .. .#
#### #


You could see an orc priest, 2 orc wizards, 2 orcs, a friendly crimson imp and a
friendly white imp.

Vanquished Creatures
  A giant gecko (D:2)
  An ooze (D:3)
  7 bats
  3 giant cockroaches
  6 goblins
  3 hobgoblins
  2 jackals (D:2)
  3 kobolds
  A ball python (D:2)
  A giant newt (D:1)
  3 rats
31 creatures vanquished.

Vanquished Creatures (collateral kills)
  Crazy Yiuf (D:2)
  2 adders
  A jackal (D:1)
  2 kobolds (D:1)
  A giant newt (D:1)
  A goblin (D:1)
8 creatures vanquished.

Vanquished Creatures (others)
  A shadow imp (D:3)
  A bat (D:2)
2 creatures vanquished.

Grand Total: 41 creatures vanquished

Notes
Turn   | Place    | Note
--------------------------------------------------------------
     0 | D:1      | PolkaDot, the Vampire Summoner, began the quest for the Orb.
     0 | D:1      | Reached XP level 1. HP: 13/13 MP: 3/3
   357 | D:1      | Reached XP level 2. HP: 11/19 MP: 4/4
   361 | D:1      | Learned a level 2 spell: Call Imp
  1568 | D:2      | Found a bloodstained altar of Trog.
  1823 | D:2      | Reached skill level 5 in Summonings
  1827 | D:2      | Reached XP level 3. HP: 15/24 MP: 6/6
  2066 | D:2      | Learned a level 3 spell: Call Canine Familiar
  2402 | D:2      | Noticed Crazy Yiuf
  2416 | D:2      | Killed Crazy Yiuf
  2547 | D:2      | Found a deep blue altar of Sif Muna.
  2551 | D:2      | Identified Sif Muna's Incunabulum of Snow
  2555 | D:2      | Found a radiant altar of Vehumet.
  2559 | D:2      | Identified Vehumet's Almanac of Confrontation
  2563 | D:2      | Found an ancient bone altar of Kikubaaqudgha.
  2567 | D:2      | Identified Kikubaaqudgha's Reference Book on Sinister Rituals
  2815 | D:3      | Killed from afar by an orc priest

Action                   || total
-------------------------++-------
Melee: Short sword       ||    85
       Unarmed           ||     5
       Staff             ||    38
       Quarterstaff      ||     5
 Cast: Summon Small Mamm ||     5
       Call Imp          ||    16
 Abil: End Transformatio ||     1
       Bat Form          ||     1
  Use: Potion            ||     1
 Stab: Sleeping          ||     3
  Eat: Corpse            ||    17
